 Dungeon Crawl Stone Soup version 0.23-a0-608-g7a20e1320a (webtiles) character file.

23090 LLavrengius the Fighter (level 13, -1/112 HPs)
             Began as a Formicid Fighter on Dec 21, 2018.
             Was a Follower of Ru.
             Slain by a frost giant
             ... wielding a +2 battleaxe of freezing
              (2 damage)
             ... on level 12 of the Dungeon.
             The game lasted 00:58:39 (15170 turns).

LLavrengius the Fighter (Formicid Fighter)         Turns: 15170, Time: 00:58:40

Health: -1/112     AC: 10    Str: 29    XL:     13   Next: 32%
Magic:  0/26       EV: 14    Int:  8    God:    Ru [*.....]
Gold:   770        SH: 14    Dex: 13    Spells: 12/12 levels left

rFire    + + .     SeeInvis +   y - +3 falchion "Kyidiu" {venom, +Blink MP+9 Str-3 SInv}
rCold    + . .     Gourm    .   c - +1 shield
rNeg     . . .     Faith    .   L - +0 chain mail of Refuge {Str+3 Int-2 Stlth+}
rPois    +         Spirit   +   (helmet unavailable)
rElec    +         Reflect  .   l - scarf {repulsion}
rCorr    +         Harm     .   (no gloves)
MR       +....                  (no boots)
Stlth    ..........             q - amulet of guardian spirit
HPRegen  0.28/turn              P - ring of protection from fire
MPRegen  0.20/turn              (no ring)

@: mighty, agile, resistant, very slightly contaminated, invisible, repel
missiles
A: permanent stasis, dig shafts and tunnels, four strong arms, antennae 3,
clumsy 1, no stealth
a: Dig, Shaft Self, Sacrifice Artifice, Sacrifice Words, Sacrifice Health,
Reject Sacrifices, Renounce Religion


You were on level 12 of the Dungeon.
You worshipped Ru.
Ru was aware of your devotion.
You were near starving.

You visited 2 branches of the dungeon, and saw 13 of its levels.

You collected 770 gold pieces.

Inventory:

Hand Weapons
 a - a +1 long sword
 s - a +0 whip of venom
 y - the +3 falchion "Kyidiu" (weapon) {venom, +Blink MP+9 Str-3 SInv}
   (You found it on level 6 of the Dungeon)

   It poisons the flesh of those it strikes.
   It affects your strength (-3).
   It affects your magic capacity (+9).
   It lets you see invisible.
   It lets you blink.
 G - the +0 flail "Embalmer" {crush, MR++}
   (You found it on level 7 of the Dungeon)

   It inflicts extra damage upon your enemies.
   It affects your resistance to hostile enchantments.
 R - a +5 spear of freezing
Missiles
 v - 18 tomahawks (quivered)
 A - a throwing net
Armour
 c - a +1 shield (worn)
 l - a scarf of repulsion (worn)
 r - a +0 plate armour
 x - a scarf of cloud immunity
 L - the +0 chain mail of Refuge (worn) {Str+3 Int-2 Stlth+}
   (You found it on level 8 of the Dungeon)

   It affects your strength (+3).
   It affects your intelligence (-2).
   It makes you more stealthy.
 N - the +5 scale mail of the Falcon {*Corrode rPois MR+ Str+6}
   (You found it on level 10 of the Dungeon)

   It affects your strength (+6).
   It protects you from poison.
   It affects your resistance to hostile enchantments.
   It may corrode you when you take damage.
 Q - a +0 large shield
Jewellery
 q - an amulet of guardian spirit (around neck)
 I - an uncursed amulet of magic regeneration {unknown}
 P - a ring of protection from fire (left hand)
Wands
 b - a wand of iceblast (8)
 t - a wand of flame (12)
 D - a wand of digging (8)
 F - a wand of random effects (17)
 T - a wand of scattershot (9)
Scrolls
 h - 3 scrolls of remove curse
 i - 2 scrolls of enchant armour
 o - a scroll of amnesia
 p - 2 scrolls of immolation
 B - a scroll of fear
 C - 3 scrolls of magic mapping
 H - a scroll of fog
Potions
 e - a potion of agility
 g - a potion of flight {unknown}
 j - 5 potions of curing
 k - 2 potions of mutation {unknown}
 m - a potion of brilliance {unknown}
 n - 2 potions of magic {unknown}
 w - a potion of resistance
 z - 2 potions of invisibility
 J - 2 potions of lignification
 O - 2 potions of cancellation {unknown}
Miscellaneous
 S - a phantom mirror
Comestibles
 f - 29 rations


   Skills:
 + Level 13.6 Fighting
 - Level 12.0 Long Blades
 * Level 3.2 Polearms
 - Level 7.0 Armour
 - Level 1.2 Dodging
 + Level 11.6 Shields
 - Level 6.0 Evocations


You had 12 spell levels left.
You didn't know any spells.
Your spell library contained the following spells:

 Spells                   Type           Power        Failure   Level  Hunger
 Animate Skeleton         Necr           N/A          90%         1    ##.....
 Apportation              Tloc           #.....       90%         1    ##.....
 Confusing Touch          Hex            #.....       90%         1    ##.....
 Freeze                   Ice            #...         90%         1    ##.....
 Summon Small Mammal      Summ           #...         90%         1    ##.....
 Throw Frost              Conj/Ice       #.....       97%         2    ###....
 Ozocubu's Armour         Chrm/Ice       #.......     99%         3    ####...
 Summon Ice Beast         Ice/Summ       #.......     100%        4    #####..
 Throw Icicle             Conj/Ice       #.......     100%        4    #####..


Dungeon Overview and Level Annotations

Branches:
Dungeon (12/15)            Temple (1/1) D:7            Lair (0/6) D:10
    Orc (0/2) D:11

Altars:
Ashenzari
Cheibriados
Dithmenos
Elyvilon
Fedhas
Gozag
Hepliaklqana
Kikubaaqudgha
Makhleb
Nemelex Xobeh
Okawaru
Qazlal
Ru
Sif Muna
Trog
Uskayaw
Vehumet
Wu Jian
Xom
Yredelemnul
Zin
The Shining One
Lugonu


Innate Abilities, Weirdness & Mutations

You cannot be hasted, slowed, berserked, paralysed or teleported.
You can dig through walls and to a lower floor.
Your four strong arms can wield two-handed weapons with a shield.
You have a pair of large antennae on your head. (SInv)
You are clumsy. (Dex -2)
You cannot be stealthy.


Message History

Your Polearms skill increases to level 3!
You hit the frost giant.
The frost giant is lightly wounded.
The frost giant misses you.
You hit the frost giant.
The frost giant is poisoned.
The frost giant is lightly wounded.
You hit the frost giant.
The frost giant is lightly wounded.
The frost giant is stunned by your will and fails to attack.
Your chain mail of Refuge prevents you from hitting the frost giant.
The frost giant is lightly wounded.
The frost giant is stunned by your will and fails to attack.
You hit the frost giant.
The frost giant is lightly wounded.
You slash the frost giant!
The frost giant is moderately wounded.
The frost giant hits you with a +2 battleaxe of freezing!!
* * * LOW HITPOINT WARNING * * *
The frost giant freezes you.
You die...

#...# {#..##.......#. #####
#####.......#. ....#.###### ###
#.......#. ....#..)...# ..#
#.......[. ....######.#######.#
##########. ..........†##:$%$..#
#.......... ...........##|?!$..#
#..######..
....######.#######.####..# #..
....#.)÷(..##...@C.#..#..# #..
#####.#######.######..#..# #..
#####......##......#..#..# #..
....######.#######.#..#..# #..
....#....).........#..#..# #..
....################..#..######..
....#..# #.#..........#..........
....#..# #.+..........#..........
....'..###.#..........#..........


You could see a frost giant.

Vanquished Creatures
  A frost giant (D:12)
  Josephine (D:10)
  Harold (D:7)
  A hydra (D:12)
  A death knight (D:12)
  A centaur warrior (D:12)
  2 two-headed ogres
  A two-headed ogre (shapeshifter) (D:12)
  An unseen horror (D:12)
  A deep elf mage (D:12)
  3 ugly things (D:12)
  A cyclops (D:12)
  An elephant (D:9)
  A centaur zombie (D:11)
  A gargoyle (D:11)
  2 kobold demonologists
  A hornet (D:12)
  3 hippogriffs
  A spriggan (shapeshifter) (D:12)
  A spriggan (D:10)
  4 wyverns
  14 yaks
  A yak (shapeshifter) (D:12)
  6 wraiths
  A soldier ant (D:10)
  2 acid dragons (D:12)
  2 water moccasins
  Edmund (D:5)
  3 sky beasts
  6 orc warriors
  Duvessa (D:7)
  5 phantoms
  An eye of draining (D:10)
  A black bear (D:11)
  4 necrophages
  An ice beast (D:6)
  3 ogres
  8 centaurs
  5 crocodiles
  4 big kobolds (D:12)
  7 bullfrogs
  4 scorpions
  Dowan (D:7)
  3 killer bees (D:11)
  18 wights
  4 howler monkeys
  2 crimson imps
  6 centaur skeletons
  6 hounds
  5 jellies
  A quasit (D:8)
  A bullfrog skeleton (D:5)
  2 bullfrog zombies
  6 orc priests
  Natasha (thrice) (D:2)
  Jessica (D:2)
  Ijyb (D:2)
  15 orc wizards
  9 worker ants
  A killer bee zombie (D:9)
  A hound zombie (D:8)
  3 hound skeletons
  20 gnolls
  12 adders
  A shadow imp (D:9)
  2 oozes
  An adder skeleton (D:5)
  4 worms
  A dart slug (D:2)
  6 leopard geckos
  58 orcs
  9 bats
  5 giant cockroaches
  5 hobgoblins
  15 jackals
  8 quokkas
  5 ball pythons
  4 frilled lizards
  20 goblins
  A jackal zombie (D:5)
  16 kobolds
  A quokka skeleton (D:9)
  A quokka zombie (D:8)
  10 rats
404 creatures vanquished.

Notes
Turn   | Place    | Note
-------+----------+-------------------------------------------
     0 | D:1      | LLavrengius the Formicid Fighter began the quest for the
                  | Orb.
     0 | D:1      | Reached XP level 1. HP: 18/18 MP: 1/1
   245 | D:1      | Reached XP level 2. HP: 22/24 MP: 2/2
   356 | D:1      | Reached XP level 3. HP: 30/30 MP: 3/3
   367 | D:1      | Found a snail-covered altar of Cheibriados.
   734 | D:2      | Reached XP level 4. HP: 29/37 MP: 4/4
  1007 | D:2      | Reached skill level 1 in Dodging
  1041 | D:2      | Reached XP level 5. HP: 38/42 MP: 5/5
  1121 | D:2      | Noticed Jessica
  1130 | D:2      | Killed Jessica
  1130 | D:2      | Reached skill level 4 in Fighting
  1145 | D:2      | Found a hide-covered altar of Uskayaw.
  1723 | D:2      | Noticed Natasha
  1742 | D:2      | Killed Natasha
  1742 | D:2      | Reached XP level 6. HP: 21/48 MP: 6/6
  1861 | D:2      | Noticed Ijyb
  1869 | D:2      | Noticed Natasha
  1876 | D:2      | Killed Ijyb
  1894 | D:2      | HP: 2/49 [Natasha (6)]
  1896 | D:2      | Killed Natasha
  2253 | D:2      | Noticed Natasha
  2262 | D:2      | Killed Natasha
  2360 | D:2      | Reached skill level 5 in Shields
  2567 | D:3      | Reached XP level 7. HP: 39/55 MP: 7/7
  2692 | D:3      | Found a bloodstained altar of Trog.
  3477 | D:4      | Found an opulent altar of Gozag.
  3504 | D:4      | Reached skill level 5 in Fighting
  3662 | D:4      | Reached skill level 5 in Long Blades
  3779 | D:4      | Found a glowing golden altar of the Shining One.
  4048 | D:4      | Found a burning altar of Makhleb.
  4050 | D:4      | Found a glowing silver altar of Zin.
  4050 | D:4      | Noticed an angel
  4051 | D:4      | Noticed an Executioner
  4141 | D:4      | Found a blossoming altar of Fedhas.
  4242 | D:5      | Entered Level 5 of the Dungeon
  4275 | D:5      | Reached XP level 8. HP: 55/63 MP: 6/8
  4580 | D:5      | Reached skill level 5 in Armour
  4935 | D:5      | Noticed Edmund
  4951 | D:5      | Killed Edmund
  4960 | D:5      | Reached skill level 6 in Fighting
  5723 | D:6      | Reached XP level 9. HP: 59/71 MP: 9/9
  6045 | D:6      | Reached skill level 7 in Fighting
  6150 | D:6      | Identified the +3 falchion "Kyidiu" {venom, +Blink MP+9
                  | Str-3 SInv} (You found it on level 6 of the Dungeon)
  6342 | D:6      | Found an iron altar of Okawaru.
  6428 | D:7      | Found a staircase to the Ecumenical Temple.
  6437 | Temple   | Entered the Ecumenical Temple
  6591 | D:7      | Found a shattered altar of Ashenzari.
  6591 | D:7      | Found a sacrificial altar of Ru.
  6592 | D:7      | Found a stormy altar of Qazlal.
  6599 | D:7      | Became a worshipper of Ru the Awakened
  6801 | D:7      | Noticed Dowan
  6822 | D:7      | Killed Dowan
  6838 | D:7      | Noticed Duvessa
  6856 | D:7      | Noticed Harold
  6866 | D:7      | Killed Duvessa
  6890 | D:7      | Killed Harold
  6890 | D:7      | Reached skill level 8 in Fighting
  6890 | D:7      | Reached XP level 10. HP: 36/82 MP: 10/10
  7127 | D:7      | Got a shimmering flail
  7289 | D:7      | Reached skill level 9 in Fighting
  7419 | D:7      | Found a shimmering altar of Xom.
  7419 | D:7      | Found a radiant altar of Vehumet.
  7937 | D:8      | Gained mutation: You cannot be stealthy. [Ru sacrifice]
  7976 | D:8      | Found a shattered altar of Ashenzari.
  8012 | D:8      | Got a scorched chain mail
  8023 | D:8      | Identified the cursed +0 chain mail of Refuge {Str+3 Int-2
                  | Stlth+} (You found it on level 8 of the Dungeon)
  8305 | D:8      | Found a deep blue altar of Sif Muna.
  8518 | D:9      | Reached skill level 10 in Fighting
  9073 | D:9      | Found a hazy altar of Hepliaklqana.
  9100 | D:9      | Reached XP level 11. HP: 90/91 MP: 11/11
  9376 | D:10     | Entered Level 10 of the Dungeon
  9406 | D:10     | Found a staircase to the Lair.
  9406 | D:10     | Noticed an elephant
  9438 | D:9      | Killed an elephant
  9438 | D:9      | Reached skill level 10 in Long Blades
  9592 | D:10     | Reached skill level 11 in Fighting
  9864 | D:10     | Identified the cursed +0 flail "Embalmer" {crush, MR++}
                  | (You found it on level 7 of the Dungeon)
 10026 | D:10     | Gained mutation: You are clumsy. (Dex -2) [Ru sacrifice]
 10026 | D:10     | Reached * piety under Ru
 10194 | D:10     | Got a brightly glowing scale mail
 10527 | D:10     | Identified the +5 scale mail of the Falcon {*Corrode rPois
                  | MR+ Str+6} (You found it on level 10 of the Dungeon)
 10693 | D:10     | Noticed Josephine
 10719 | D:10     | Killed Josephine
 10733 | D:10     | Reached skill level 12 in Fighting
 11315 | D:11     | Found a staircase to the Orcish Mines.
 11618 | D:11     | Reached XP level 12. HP: 101/101 MP: 12/12
 11980 | D:11     | Reached skill level 1 in Evocations
 12241 | D:11     | Noticed a two-headed ogre
 12253 | D:11     | Noticed a sixfirhy
 12278 | D:11     | Killed a two-headed ogre
 12908 | D:12     | Reached skill level 10 in Shields
 13955 | D:12     | Reached skill level 13 in Fighting
 14072 | D:12     | Noticed a death knight
 14107 | D:12     | Killed a death knight
 14107 | D:12     | Reached skill level 5 in Evocations
 14461 | D:12     | Noticed a centaur warrior
 14472 | D:12     | Reached XP level 13. HP: 92/110 MP: 16/16
 14482 | D:12     | Killed a centaur warrior
 14900 | D:12     | Noticed a four-headed hydra
 14912 | D:12     | Killed a four-headed hydra
 14912 | D:12     | Reached skill level 1 in Polearms
 15129 | D:12     | Noticed a frost giant
 15129 | D:12     | Noticed a frost giant
 15164 | D:12     | Killed a frost giant
 15170 | D:12     | HP: 1/112 [frost giant/+2 battleaxe of freezing (19)]
 15170 | D:12     | Slain by a frost giant

Vault maps used:
D:1:      roderic_crossed_star, cheibriados_altar_1
D:2:      kennysheep_the_goblin_king, eat_drink_and_be_merry_uskayaw,
          uniq_natasha, uniq_jessica
D:3:      minmay_skewed_foursquare, bloody_trog, first_ration
D:4:      grunt_temple_overflow_order_and_chaos_2, nicolae_gozag_seed_capital,
          lemuel_doored_altar, old_standard_altar
D:5:      minmay_stone_trees_small, uniq_edmund
D:6:      kennysheep_okawaru_gauntlet
D:7:      gammafunk_temple_overflow_claw, gammafunk_temple_overflow_elements,
          minmay_temple_entry_mini_moons, uniq_duvessa, uniq_harold
D:8:      led_sif_book, basic_altar
D:9:      old_standard_altar
D:10:     david_lair_generic, the_bakery, ebering_dispersal_statue_hall,
          uniq_josephine
D:11:     hiddenorc1_lemuel
D:12:     minmay_two_paths
Temple:   corrupted_temple

Skill      XL: |  1  2  3  4  5  6  7  8  9 10 11 12 13 |
---------------+----------------------------------------+-----
Long Blades    | 3 4 5 6 8 9 11 12 | 12.0
Shields        | 4 5 7 8 9 10 11 | 11.6
Dodging        | 1 |  1.2
Fighting       | 4 5 6 8 10 12 13 | 13.6
Armour         | 4 5 7 |  7.0
Evocations     | 5 6 |  6.0
Polearms       | 3 |  3.2

Action                   |  1- 3 |  4- 6 |  7- 9 | 10-12 | 13-15 || total
-------------------------+-------+-------+-------+-------+-------++-------
Melee: Long sword        |    97 |   265 |   458 |       |       ||   820
       Falchion          |       |       |    74 |  1053 |    61 ||  1188
       Spear             |       |       |     5 |    13 |    19 ||    37
Throw: Tomahawk          |       |       |     3 |       |       ||     3
Invok: Sacrifice Stealth |       |       |       |     1 |       ||     1
       Sacrifice Purity  |       |       |       |     1 |       ||     1
 Abil: Dig               |       |     1 |    14 |    16 |       ||    31
  Use: Scroll            |       |       |    12 |     9 |     1 ||    22
       Potion            |       |       |     2 |     1 |     6 ||     9
 Stab: Distracted        |       |       |       |     3 |       ||     3
  Eat: Chunk             |       |     6 |    16 |    23 |     2 ||    47
       Ration            |       |       |       |     1 |       ||     1
Armor: Scale mail        |    40 |    56 |       |       |       ||    96
       Plate armour      |       |    82 |   199 |    59 |       ||   340
       Chain mail        |       |       |       |   160 |    17 ||   177
Dodge: Dodged            |    40 |    83 |    92 |   145 |    22 ||   382
       Deflected         |       |     1 |       |     8 |     3 ||    12
Block: Shield            |    52 |   162 |   284 |   380 |    34 ||   912
       Rpst.: Long sword |    18 |    22 |    23 |       |       ||    63
       Falchion          |       |       |     4 |    47 |     1 ||    52

Table legend:
 A = Non-vault XP
 B = Vault XP
 C = Vault XP percentage of total XP
 D = Non-vault monster count
 E = Vault monster count
 F = Vault count percentage of total count
                 A         B        C        D         E       F
            +---------+---------+-------+---------+---------+-------
      Total |   19433 |   13554 |  41.1 |     343 |      61 |  15.1
            +---------+---------+-------+---------+---------+-------
        D:1 |      69 |       0 |   0.0 |      30 |       0 |   0.0
        D:2 |     257 |     122 |  32.2 |      38 |       9 |  19.1
        D:3 |     164 |      10 |   5.7 |      26 |       4 |  13.3
        D:4 |     332 |       0 |   0.0 |      19 |       0 |   0.0
        D:5 |     403 |     149 |  27.0 |      22 |       1 |   4.3
        D:6 |    1542 |       3 |   0.2 |      31 |       2 |   6.1
        D:7 |    1021 |    1167 |  53.3 |      20 |       3 |  13.0
        D:8 |     954 |      74 |   7.2 |      19 |       2 |   9.5
        D:9 |    1973 |     565 |  22.3 |      39 |       2 |   4.9
       D:10 |    3128 |    2477 |  44.2 |      26 |       8 |  23.5
       D:11 |    4606 |     216 |   4.5 |      30 |      17 |  36.2
       D:12 |    4984 |    8771 |  63.8 |      43 |      13 |  23.2
            +---------+---------+-------+---------+---------+-------
